 Dungeon Crawl Stone Soup version 0.27.1-2-g3b301248ec (webtiles) character file.

Game seed: 10896064241234374572

344 MajorAdolf the Sneak (level 6, 0/85 HPs)
             Began as a Naga Wanderer on Sept 30, 2021.
             Was an Initiate of Gozag.
             Succumbed to a water moccasin's poison
             ... on level 4 of the Dungeon.
             The game lasted 00:10:32 (6674 turns).

MajorAdolf the Sneak (Naga Wanderer)                Turns: 6674, Time: 00:10:33

Health: 0/85       AC: 23    Str: 15 (17) XL:     6   Next: 58%
Magic:  6/6        EV:  1    Int: 12 (13) God:    Gozag
Gold:   68         SH:  8    Dex:  7 (9)  Spells: 3/5 levels left

rFire    . . .     SeeInvis +   a - +2 hand axe
rCold    . . .     Faith    .   q - +0 kite shield
rNeg     + + +     Spirit   .   (armour currently unavailable)
rPois    +         Reflect  .   (helmet currently unavailable)
rElec    .         Harm     .   (cloak currently unavailable)
rCorr    .         Rampage  .   (gloves currently unavailable)
Will     .....     NoTele   +   (no barding)
Stlth    ++........             (no amulet)
HPRegen  0.24/turn              (no ring)
MPRegen  0.10/turn              (no ring)

@: brilliant, lethally poisoned (0 -> -1), tree-form
A: stationary, stasis, torment immunity, boosted hp, AC +2, large, see
invisible, (deformed body), (poison resistance), (slowness 2), spit poison 1,
(naga tail 1)
a: Spit Poison, Renounce Religion, Potion Petition, Call Merchant, Bribe Branch


You were on level 4 of the Dungeon.
You worshipped Gozag.
Gozag was noncommittal.
You were a tree.
You visited 2 branches of the dungeon, and saw 6 of its levels.

You collected 314 gold pieces.
You spent 165 gold pieces at shops.
You paid 81 gold pieces to Gozag.

Inventory:

Hand Weapons
 a - a +2 hand axe (weapon)
Missiles
 h - 128 stones
Armour
 b - a +0 leather armour (melded)
 q - a +0 kite shield (worn)
Wands
 p - a wand of flame (29)
Scrolls
 d - a scroll of magic mapping {unknown}
 e - 2 scrolls of identify {unknown}
 f - a scroll of summoning {unknown}
 j - 2 scrolls of amnesia {unknown}
 k - a scroll of acquirement {unknown}
 l - a scroll of silence {unknown}
 o - a scroll of fear {unknown}
 r - a scroll of fog {unknown}
 u - a scroll of teleportation {unknown}
Potions
 i - a potion of magic {unknown}
 m - 3 potions of heal wounds {unknown}
 n - 2 potions of degeneration
 s - a potion of invisibility {unknown}
 t - a potion of mutation {unknown}


   Skills:
 - Level 3.7 Fighting
 - Level 4.0 Axes
 - Level 1.0 Crossbows
 - Level 1.0 Throwing
 - Level 1.0 Armour
 - Level 4.8 Stealth
 + Level 3.8 Shields


You had 3 spell levels left.
You knew the following spells:

 Your Spells              Type           Power      Damage    Failure   Level
a - Poisonous Vapours     Pois/Air       0%         N/A       83%         2

Your spell library contained the following spells:

 Spells                   Type           Power      Damage    Failure   Level
 Animate Skeleton         Necr           0%         N/A       69%         1
 Pain                     Necr           0%         1d4       69%         1
 Corpse Rot               Necr/Air       N/A        N/A       83%         2
 Vampiric Draining        Necr           0%         2d6       96%         3
 Freezing Cloud           Conj/Ice/Air   0%         6-21      100%        5


Dungeon Overview and Level Annotations

Branches:
Dungeon (5/15)             Temple (1/1) D:4

Altars:
Ashenzari
Cheibriados
Dithmenos
Elyvilon
Fedhas
Gozag
Hepliaklqana
Kikubaaqudgha
Okawaru
Qazlal
Ru
Trog
Uskayaw
Vehumet
Wu Jian
Xom
Zin
The Shining One

Shops:
D:3 *

Annotations:
D:1 exclusion: 2 downstairs


Innate Abilities, Weirdness & Mutations

You are a tree.
Your roots penetrate the ground, keeping you stationary.
You cannot be teleported.
You are immune to unholy pain and torment.
Your maximum health is greatly increased.
Your equipment is partially melded.
((Your serpentine skin is tough. (AC +2)))
You have supernaturally acute eyesight. (SInv)
((Armour fits poorly on your strangely shaped body.))
((Your system is resistant to poisons. (rPois)))
((You cover ground very slowly.))
You can spit poison.
((You have a snake-like lower body.))


Message History

The water moccasin bites you!
* * * LOW HITPOINT WARNING * * *
You are lethally poisoned!
The water moccasin poisons you!
Really quaff the potion of lignification?
You turn into a tree.
Your +0 leather armour melds into your body.
Your roots penetrate the ground.
* * * LOW HITPOINT WARNING * * *
You feel very sick.
The water moccasin bites you but does no damage. x2
Unknown command.
You hit the water moccasin.
The water moccasin is severely wounded.
You feel sick.
The water moccasin bites you but does no damage. x2
You miss the water moccasin.
The water moccasin is severely wounded.
You feel sick.
The water moccasin bites you but does no damage.
You hit the water moccasin.
The water moccasin is almost dead.
You feel sick.
The water moccasin bites you but does no damage.
You block the water moccasin's attack.
You hit the water moccasin but do no damage.
The water moccasin is almost dead.
You feel sick. The water moccasin bites you.
* * * LOW HITPOINT WARNING * * *
The water moccasin bites you but does no damage.
It was a potion of brilliance.
You feel clever all of a sudden.
* * * LOW HITPOINT WARNING * * *
You feel sick.
The water moccasin completely misses you.
It was a potion of degeneration.
There was something very wrong with that liquid.
You feel weakened.
You feel dopey.
You feel clumsy.
You die...
Your body crumbles into a pile of gold.

#.#.# #.# #.##..##.##..##. #.#.#
#.# #....##...##....
#.#.####.####..8....>..^.8..
#.#..............##...##....
#.##.....####.##..##.##..##.
#.##.##### #.)##..#.#..##..
######.##.# ##..##...[.##..#
.......##.#########...#..8.)#..##
#########.......♣S............###
#.###################.... #.#
#.### #.# #.# #.# #######.# #.#
######.....#.### #### #>#
#...##.........# ...######.#
#............... ......#...#####
#...##.....#....


You could see a water moccasin.

Vanquished Creatures
  A scorpion (D:4)
  A water moccasin skeleton (D:4)
  2 hounds (D:4)
  An orc wizard (D:5)
  3 gnolls (D:4)
  3 adders
  An ufetubus (D:3)
  A worm (D:3)
  2 dart slugs
  3 orcs (D:5)
  5 bats
  7 endoplasms
  4 giant cockroaches
  7 goblins
  4 hobgoblins
  8 jackals
  9 kobolds
  3 quokkas
  6 ball pythons
  6 frilled lizards
  6 rats
83 creatures vanquished.

Notes
Turn   | Place    | Note
-------+----------+-------------------------------------------
     0 | D:1      | MajorAdolf the Naga Wanderer began the quest for the Orb.
     0 | D:1      | MajorAdolf set off with the following items: a +2 hand axe,
                  | a +0 ring mail, a potion of lignification
     0 | D:1      | Reached XP level 1. HP: 19/19 MP: 1/1
   222 | D:1      | Reached skill level 1 in Stealth
   248 | D:1      | Reached XP level 2. HP: 27/27 MP: 2/2
   908 | D:1      | Reached XP level 3. HP: 30/33 MP: 3/3
  2000 | D:2      | Reached XP level 4. HP: 42/42 MP: 4/4
  2077 | D:2      | Found a hazy altar of Hepliaklqana.
  2196 | D:2      | Learned a level 2 spell: Poisonous Vapours
  2723 | D:2      | Found a faded altar of an unknown god.
  4471 | D:3      | Found Asme's Assorted Antiques.
  4476 | D:3      | Bought a shiny golden ring for 105 gold pieces
  4476 | D:3      | Bought a scroll labelled FAKHAE OLANO for 21 gold pieces
  4476 | D:3      | Bought a scroll labelled UQUFIY GETI for 21 gold pieces
  4476 | D:3      | Bought a puce potion for 18 gold pieces
  4881 | D:4      | Reached XP level 5. HP: 29/50 MP: 5/5
  5322 | D:4      | Found a staircase to the Ecumenical Temple.
  5443 | Temple   | Entered the Ecumenical Temple
  5719 | Temple   | Became a worshipper of Gozag Ym Sagoz the Greedy
  5928 | D:5      | Entered Level 5 of the Dungeon
  5947 | D:4      | Reached XP level 6. HP: 28/57 MP: 6/6
  6570 | D:5      | Noticed a water moccasin
  6672 | D:4      | HP: 2/85 [water moccasin (3)]
  6674 | D:4      | Succumbed to a water moccasin's poison

Illustrated notes

Levels and vault maps discovered:
D:1:      minmay_arrival_three_doors, layout_rooms
D:2:      layout_loops_ring, shapermc_ecumenical_altar_pompeii, basic_altar,
          st_stairs_13, chequers_serial_rivers_micro_e
D:3:      layout_rooms, serial_shops, shop, minmay_pentomino_pile
D:4:      layout_loops_ring, minmay_temple_entry_waves, hangedman_feature_mirror
D:5:      layout_cave_pods, amcnicky_altar_gilded, minmay_misc_feat_ornament,
          minmay_misc_feat_alley
Temple:   compressed_dpeg_circular_temple

Skill      XL: |  1  2  3  4  5  6 |
---------------+-------------------+-----
Stealth        | 1 2 3 4 |  4.8
Fighting       | 3 |  3.7
Shields        | 2 3 |  3.8
Axes           | |  4.0
Crossbows      | |  1.0
Throwing       | |  1.0
Armour         | |  1.0

Action                   |  1- 3 |  4- 6 || total
-------------------------+-------+-------++-------
Melee: Hand axe          |    48 |   126 ||   174
 Cast: Poisonous Vapours |       |    16 ||    16
 Abil: Spit Poison       |    23 |    28 ||    51
  Use: Potion            |       |     4 ||     4
 Stab: Sleeping          |       |     2 ||     2
Armor: Leather armour    |    12 |    18 ||    30
       Skin              |       |    18 ||    18
Dodge: Dodged            |    29 |    43 ||    72
Block: Kite shield       |       |    38 ||    38
